AoeStats
← Eugenius

Arena

507219014Analyzed
4v4 RM · 15d ago on Sep 17, 2026· 37m 24s· 8 players
Game mode
Random Map
Map size
Large (8 player)
Population
200
Speed
Normal
Resources
Standard
Victory
Conquest
Starting age
Dark Age
Ending age
Imperial Age
RankedLock teamsTeams togetherTeam positionsShared explorationLock speedFull tech treeHidden civsTurbo modeCheats
Victory
Defeat
🇻🇳 Chinese · Vietnam
1742
+16
🇺🇸 Italians · United States
1710
+17
🇵🇪 Cumans · Peru
1662
+19
🇻🇳 Romans · Vietnam
1612
+21
🇨🇳 Armenians · China
1849
-22
🇨🇳 Britons · China
1790
-21
🇨🇳 Georgians · China
1678
-16
🇨🇳 Spanish · China
1622
-14
quesarito
7:51 Feudal Age
8:18 Double-Bit Axe
12:38 Fletching
13:17 Padded Archer Armor
21:34 Castle Age
19:51 Horse Collar
20:48 Gold Mining
22:19 Bodkin Arrow
23:35 Ballistics
22:41 Crossbowman
25:10 Wheelbarrow
24:54 Bow Saw
25:52 Leather Archer Armor
25:41 Heavy Plow
33:11 Imperial Age
30:57 Fortified Wall
31:54 Thumb Ring
32:56 Hand Cart
32:57 Leather Archer Armor
33:55 Bracer
35:26 Chemistry
35:37 Two-Man Saw
36:45 Crop Rotation
37:38 Ring Archer Armor
Ngoam_____
0:42 Loom
11:20 Feudal Age
14:53 Castle Age
12:41 Double-Bit Axe
13:02 Horse Collar
15:54 Bow Saw
22:16 Heavy Plow
23:07 Wheelbarrow
23:21 Padded Archer Armor
23:15 Gold Mining
23:22 Elite Skirmisher
24:19 Fletching
25:15 Bodkin Arrow
26:53 Ballistics
30:31 Imperial Age
28:37 Leather Archer Armor
29:09 Hand Cart
30:16 Scale Barding Armor
30:48 Husbandry
30:59 Bloodlines
31:36 Chain Barding Armor
32:17 Chemistry
30:39 Light Cavalry
33:00 Plate Barding Armor
32:37 Forging
33:37 Thumb Ring
33:33 Bracer
33:45 Masonry
33:31 Cavalier
33:55 Heavy Rocket Cart
36:11 Ring Archer Armor
36:13 Architecture
35:09 Pikeman
35:49 Squires
37:02 Two-Man Saw
37:18 Iron Casting
36:43 Scale Mail Armor
36:04 Halberdier
Eugenius
10:23 Feudal Age
20:02 Horse Collar
20:08 Double-Bit Axe
24:17 Scale Barding Armor
24:35 Loom
26:25 Fletching
30:19 Castle Age
29:16 Scale Barding Armor
29:18 Gold Mining
30:17 Bloodlines
31:25 Chain Barding Armor
32:01 Wheelbarrow
35:49 Heavy Plow
Đà Lạt
11:19 Feudal Age
14:54 Castle Age
13:19 Double-Bit Axe
13:15 Horse Collar
16:06 Bow Saw
19:03 Ballistics
35:31 Imperial Age
36:46 Capped Ram
37:22 Loom
青衫天子
10:45 Feudal Age
11:57 Double-Bit Axe
12:05 Loom
12:58 Gold Mining
14:56 Padded Archer Armor
14:55 Fletching
21:03 Stone Mining
23:35 Castle Age
21:17 Horse Collar
24:43 Bow Saw
24:34 Heavy Plow
25:37 Crossbowman
29:21 Town Watch
31:31 Wheelbarrow
31:36 Bodkin Arrow
33:48 Hand Cart
34:45 Stone Mining
35:51 Gold Shaft Mining
35:07 Stone Mining
38:23 Imperial Age
36:27 Leather Archer Armor
37:11 Ballistics
DZT_白霜魔头
11:06 Feudal Age
15:14 Castle Age
14:05 Double-Bit Axe
15:10 Gold Mining
15:12 Horse Collar
19:29 Bow Saw
21:21 Scale Mail Armor
23:40 Wheelbarrow
31:08 Hand Cart
32:30 Stone Mining
33:16 Gold Shaft Mining
35:33 Imperial Age
33:54 Chain Mail Armor
34:27 Forging
34:28 Man-at-Arms
34:54 Gambesons
35:09 Squires
35:43 Long Swordsman
37:11 Plate Mail Armor
36:52 Loom
36:32 Two-Handed Swordsman
啊这
11:18 Feudal Age
12:28 Double-Bit Axe
13:37 Horse Collar
16:40 Castle Age
17:55 Light Cavalry
22:27 Wheelbarrow
23:07 Bloodlines
24:16 Gold Mining
24:41 Bow Saw
24:19 Loom
25:53 Hand Cart
26:41 Fletching
32:53 Imperial Age
30:59 Husbandry
31:05 Scale Barding Armor
32:27 Heavy Plow
33:15 Chain Barding Armor
32:49 Stone Mining
34:31 Plate Barding Armor
35:06 Forging
35:45 Conscription
35:01 Elite Monaspa
36:55 Iron Casting
lemon tea
10:48 Feudal Age
14:36 Castle Age
13:01 Double-Bit Axe
13:32 Horse Collar
18:22 Loom
19:13 Wheelbarrow
20:26 Loom
20:26 Town Watch
23:59 Hand Cart
25:37 Bow Saw
28:26 Heavy Plow
29:56 Gold Mining
34:16 Imperial Age
32:54 Stone Mining
32:57 Gold Mining
33:30 Fortified Wall
35:05 Stone Shaft Mining
34:34 Padded Archer Armor
35:22 Conscription
37:21 Chemistry
37:15 Leather Archer Armor
Connection lost

Rejoining the realm…

Still unreachable

The connection could not be restored.

Session expired

The server has moved on; the page needs a fresh start.